 Dungeon Crawl Stone Soup version 0.26.1-11-gd32895ea62 (webtiles) character file.

Game seed: 3338190805031687068

126 H0rd4k the Insei (level 5, 0/33 HPs)
             Began as an Octopode Transmuter on May 5, 2021.
             Slain by an orc
             ... wielding a +0 short sword
              (8 damage)
             ... on level 2 of the Dungeon.
             The game lasted 00:02:33 (3075 turns).

H0rd4k the Insei (Octopode Transmuter)              Turns: 3075, Time: 00:02:34

Health: 0/33       AC:  1    Str:  9    XL:     5   Next: 9%
Magic:  8/8        EV: 14    Int: 16    God:
Gold:   127        SH:  0    Dex: 13    Spells: 5/9 levels left

rFire    . . .     SeeInvis .     - Unarmed
rCold    . . .     Faith    .   (no shield)
rNeg     . . .     Spirit   .   (helmet restricted)
rPois    .         Reflect  .   (no amulet)
rElec    .         Harm     .   (no ring)
rCorr    .         Rampage  .   (no ring)
Will     .....                  (no ring)
Stlth    +++.......             (no ring)
HPRegen  0.11/turn              (no ring)
MPRegen  0.11/turn              (no ring)
                                (no ring)
                                (no ring)

@: no status effects
A: almost no armour, stealthy swim, amphibious, 8 rings, constrict 8, camouflage
1, gelatinous body 1
a: no special abilities


You were on level 2 of the Dungeon.
You visited 1 branch of the dungeon, and saw 2 of its levels.

You collected 127 gold pieces.

Inventory:

Missiles
 n - 7 poisoned darts (quivered)
Wands
 o - a wand of iceblast (6)
Scrolls
 a - 2 scrolls of teleportation {unknown}
 c - a scroll of identify {unknown}
 e - a scroll of random uselessness {unknown}
 f - a scroll of enchant weapon {unknown}
 g - a scroll of magic mapping {unknown}
 h - a scroll of remove curse {unknown}
 i - a scroll of noise {unknown}
 k - a scroll of fog {unknown}
Potions
 b - a potion of berserk rage {unknown}
 d - a potion of brilliance {unknown}
 j - a potion of ambrosia {unknown}
 l - a potion of resistance
 m - 2 potions of heal wounds {unknown}


   Skills:
 + Level 1.1 Fighting
 + Level 2.6 Dodging
 + Level 2.0 Stealth
 + Level 4.0 Unarmed Combat
 * Level 2.5 Spellcasting
 * Level 2.6 Transmutations
 + Level 1.4 Poison Magic


You had 5 spell levels left.
You knew the following spells:

 Your Spells              Type           Power        Failure   Level
a - Beastly Appendage     Tmut           20%          7%          1
b - Spider Form           Tmut/Pois      4%           26%         3

Your spell library contained the following spells:

 Spells                   Type           Power        Failure   Level
 Wereblood                Tmut           10%          11%         2
 Ice Form                 Ice/Tmut       6%           75%         4
 Blade Hands              Tmut           5%           88%         5


Dungeon Overview and Level Annotations

Branches:
Dungeon (2/15)

Altars:
Sif Muna


Innate Abilities, Weirdness & Mutations

You cannot wear most types of armour.
You are very stealthy in the water. (Stealth+)
You are amphibious.
You can wear up to eight rings at the same time.
You can use your tentacles to constrict eight enemies at once.
Your skin changes colour to match your surroundings (Stealth+).
Your rubbery body absorbs attacks. (AC +1, EV +1)


Message History

The orc wizard hits you with a +0 dagger.
You barely miss the orc wizard. Your grab misses the orc wizard.
The orc wizard gestures at you while chanting.
The magic dart hits you!
You tentacle-slap the orc wizard but do no damage.
You grab the orc wizard. You constrict the orc wizard.
The orc wizard gestures at you while chanting.
You resist with some effort.
You tentacle-slap the orc wizard but do no damage.
The orc wizard is lightly wounded.
You constrict the orc wizard, but do no damage.
The orc wizard mumbles some strange words.
The orc wizard blinks free!
The orc throws a boomerang.
The boomerang hits you.
The weapon returns to the orc!
The orc hits you with a +0 short sword.
* * * LOW HITPOINT WARNING * * *
You tentacle-slap the orc. You grab the orc.
The orc is heavily wounded.
You constrict the orc. The orc hits you with a +0 short sword!
You die...

### ## #.#
#######################.
#..
....ooo@.[.............<
#.#
#######################.
#.# #. #.# #. #.# #.
###.####### ############
.......†..# #...........
.####.###.# #.##########
.# #.# #.# #.###.......


You could see an orc wizard (fast) and 2 orcs.

Vanquished Creatures
  A hound (D:2)
  5 adders (D:2)
  A leopard gecko (D:1)
  An orc (D:2)
  4 ball pythons (D:2)
  5 bats
  3 giant cockroaches (D:2)
  4 goblins (D:1)
  7 hobgoblins
  3 jackals (D:1)
  6 kobolds
  5 rats
45 creatures vanquished.

Notes
Turn   | Place    | Note
-------+----------+-------------------------------------------
     0 | D:1      | H0rd4k the Octopode Transmuter began the quest for the Orb.
     0 | D:1      | Reached XP level 1. HP: 13/13 MP: 3/3
   538 | D:1      | Reached XP level 2. HP: 13/18 MP: 5/5
  1111 | D:1      | Reached XP level 3. HP: 17/23 MP: 6/6
  1115 | D:1      | Learned a level 3 spell: Spider Form
  1919 | D:2      | Reached skill level 1 in Poison Magic
  1919 | D:2      | Reached XP level 4. HP: 21/28 MP: 7/7
  2229 | D:2      | Reached skill level 1 in Stealth
  2681 | D:2      | Reached XP level 5. HP: 33/33 MP: 8/8
  3011 | D:2      | Found a shimmering blue altar of Sif Muna.
  3069 | D:2      | Reached skill level 4 in Unarmed Combat
  3075 | D:2      | Slain by an orc

Illustrated notes

Levels and vault maps discovered:
D:1:      tarquinn_simple_flora_water_d, layout_basic, minmay_crystal_water
D:2:      layout_basic, led_sif_pool, minmay_snake_closets

Skill      XL: |  1  2  3  4  5 |
---------------+----------------+-----
Poison Magic   | 1 |  1.4
Stealth        | 1 2 |  2.0
Unarmed Combat | 4 |  4.0
Fighting       | |  1.1
Dodging        | |  2.6
Spellcasting   | |  2.5
Transmutations | |  2.6

Action                   |  1- 3 |  4- 6 || total
-------------------------+-------+-------++-------
Melee: Unarmed           |    74 |    46 ||   120
       Tentacles         |    15 |     6 ||    21
       Constrict         |    19 |     9 ||    28
       Punch             |     1 |     3 ||     4
Throw: Dart              |       |     3 ||     3
 Cast: Spider Form       |       |     3 ||     3
  Use: Potion            |       |     2 ||     2
 Stab: Sleeping          |     1 |     7 ||     8
Armor: Skin              |    13 |     3 ||    16
Dodge: Dodged            |    58 |    19 ||    77
